 Dungeon Crawl Stone Soup version 0.21.1-1-g345015fe64 (webtiles) character file.

114 Awezug the Poker (level 4, -6/34 HPs)
             Began as a Merfolk Gladiator on July 6, 2018.
             Mangled by Pikel
             ... wielding a +2 whip of freezing
              (8 damage)
             ... on level 4 of the Dungeon.
             The game lasted 00:20:41 (2724 turns).

Awezug the Poker (Merfolk Gladiator)                Turns: 2724, Time: 00:20:42

Health: -6/34      AC:  8    Str: 19    XL:     4   Next: 97%
Magic:  4/4        EV: 15    Int:  7    God:
Gold:   128        SH:  0    Dex: 16    Spells: 3/3 levels left

rFire    . . .     SeeInvis .   a - +0 trident
rCold    . . .     Gourm    .   (no shield)
rNeg     . . .     Faith    .   b - +0 leather armour
rPois    .         Spirit   .   c - +0 helmet
rElec    .         Reflect  .   (no cloak)
rCorr    .         Harm     +   m - +0 pair of gloves
MR       .....                  (no boots)
Stlth    +.........             p - amulet of harm
HPRegen  0.11/turn              g - +3 ring of protection
MPRegen  0.09/turn              (no ring)

@: mighty
A: change form in water, swift swim, stealthy swim
a: no special abilities


You were on level 4 of the Dungeon.
You were not hungry.

You visited 1 branch of the dungeon, and saw 4 of its levels.

You collected 128 gold pieces.

Inventory:

Hand Weapons
 a - a +0 trident (weapon)
 i - a +0 arbalest
Missiles
 d - 3 throwing nets (quivered)
Armour
 b - a +0 leather armour (worn)
 c - a +0 helmet (worn)
 m - a +0 pair of gloves (worn)
Jewellery
 g - a +3 ring of protection (left hand)
 o - a cursed -2 ring of dexterity {Z}
 p - an amulet of harm (around neck)
Wands
 u - a wand of clouds (7)
Scrolls
 e - 2 scrolls of enchant weapon {unknown}
 h - 2 scrolls of random uselessness {unknown}
 j - 3 scrolls of teleportation
 k - a scroll of fear {unknown}
 l - 2 scrolls of remove curse {unknown}
 n - 2 scrolls of noise {unknown}
 r - a scroll of identify
 s - a scroll of immolation {unknown}
 t - 3 scrolls of fog
 v - a scroll of enchant armour {unknown}
 w - a scroll of blinking {unknown}
Comestibles
 f - 3 rations


   Skills:
 * Level 2.9 Fighting
 * Level 6.4 Polearms
 - Level 2.1 Throwing
 + Level 0.3 Armour
 * Level 5.1 Dodging


You had 3 spell levels left.
You didn't know any spells.

Dungeon Overview and Level Annotations

Branches:
Dungeon (4/15)
 Temple: D:4-7

Altars:

Annotations:
D:4 Pikel


Message History

* * * LOW HITPOINT WARNING * * *
Pikel freezes you.
* * * LOW HITPOINT WARNING * * *
Throwing (i - inventory):
d - 3 throwing nets (quivered)
Press: ? - help, Shift-Dir - straight line, f/p - Pikel
Aim: Pikel, wielding a whip of freezing and wearing a robe (moderately wounded)
Okay, then.
Attack whom?
Press: ? - help, Dir - move target cursor, f/p - Pikel
Aim: Pikel, wielding a whip of freezing and wearing a robe (moderately wounded)
You closely miss Pikel.
Pikel is moderately wounded.
Pikel barely misses you.
Attack whom?
Press: ? - help, Dir - move target cursor, f/p - Pikel
Aim: Pikel, wielding a whip of freezing and wearing a robe (moderately wounded)
You closely miss Pikel.
Pikel is moderately wounded.
Pikel hits you with a whip of freezing!
You die... ### #######.# .....#..# .###.#..# .##^.#..# ### .##.....# pp#

.##..#.## #p# .#...#.#
#K# .#..##.# ######@#
.......####....#.######
..........+.<..'........
..#.......#....#.######.
#.#.#####'#....#+#
#.#.#..............
..#.#...............
..#.#............... ..#
#...............


You could see Pikel and 3 slaves.

Vanquished Creatures
  4 adders
  A worm (D:3)
  5 dart slugs
  3 leopard geckos
  An orc (D:3)
  2 ball pythons (D:2)
  A giant cockroach (D:2)
  9 goblins
  2 hobgoblins (D:2)
  5 jackals
  4 bats
  3 frilled lizards
  8 kobolds
  A leopard gecko skeleton (D:4)
  17 rats (D:1)
66 creatures vanquished.

Notes
Turn   | Place    | Note
-------+----------+-------------------------------------------
     0 | D:1      | Awezug the Merfolk Gladiator began the quest for the Orb.
     0 | D:1      | Reached XP level 1. HP: 16/16 MP: 1/1
   139 | D:1      | Reached XP level 2. HP: 22/22 MP: 2/2
   195 | D:1      | Reached skill level 5 in Polearms
   391 | D:1      | Reached XP level 3. HP: 25/28 MP: 3/3
  1058 | D:2      | Reached XP level 4. HP: 21/34 MP: 4/4
  1323 | D:2      | Reached skill level 6 in Polearms
  1869 | D:3      | Reached skill level 5 in Dodging
  2706 | D:4      | Noticed a slave
  2708 | D:4      | Noticed Pikel
  2710 | D:4      | Noticed a slave
  2713 | D:4      | Noticed a slave
  2724 | D:4      | Mangled by Pikel

Skill      XL: |  1  2  3  4 |
---------------+-------------+-----
Polearms       | 5 6 |  6.4
Dodging        | 5 |  5.1
Fighting       | |  2.9
Throwing       | |  2.1
Armour         | |  0.3

Action                   |  1- 3 |  4- 6 || total
-------------------------+-------+-------++-------
Melee: Trident           |   133 |    86 ||   219
  Use: Scroll            |     3 |     3 ||     6
       Potion            |       |     1 ||     1
 Stab: Sleeping          |     1 |     2 ||     3
  Eat: Chunk             |     1 |     4 ||     5
       Ration            |       |     1 ||     1
Armor: Leather armour    |    18 |    13 ||    31
Dodge: Dodged            |    80 |    37 ||   117
